 Dungeon Crawl Stone Soup version 0.21.1-1-g345015f (webtiles) character file.

1178 empire the Ducker (level 8, -9/63 HPs)
             Began as a Gnoll Gladiator on Apr 6, 2018.
             Mangled by an earth elemental (33 damage)
             ... on level 1 of the Abyss.
             The game lasted 00:13:44 (4556 turns).

empire the Ducker (Gnoll Gladiator)                 Turns: 4556, Time: 00:13:45

Health: -9/63      AC:  8    Str: 18    XL:     8   Next: 42%
Magic:  21/21      EV: 15    Int: 10    God:
Gold:   149        SH:  0    Dex: 18    Spells: 13/13 levels left

rFire    . . .     SeeInvis +   a - +1 war axe
rCold    . . .     Gourm    .   (no shield)
rNeg     . . .     Faith    .   t - +0 ring mail
rPois    .         Spirit   .   c - +0 helmet
rElec    .         Reflect  .   (no cloak)
rCorr    .         Harm     .   l - +1 pair of gloves
MR       .....                  (no boots)
Stlth    ++........             (no amulet)
HPRegen  0.20/turn              g - ring of magical power
MPRegen  0.17/turn              s - ring of see invisible

@: drained
A: distributed training, fangs 1, strong nose
a: no special abilities


You were on level 1 of the Abyss.
You were not hungry.

You visited 1 branch of the dungeon, and saw 6 of its levels.
You visited the Abyss 1 time.
You also visited: Ossuary.

You collected 344 gold pieces.
You spent 195 gold pieces at shops.

Inventory:

Hand Weapons
 a - a +1 war axe (weapon)
 y - a +3 long sword
 B - a +0 battleaxe
 E - a +0 great sword
Missiles
 d - 3 throwing nets
 n - 14 poisoned needles
 w - 7 tomahawks (quivered)
Armour
 c - a +0 helmet (worn)
 l - a +1 pair of gloves (worn)
 t - a +0 ring mail (worn)
Magical Staves
 I - an uncursed staff of death {unknown}
Jewellery
 g - a ring of magical power (left hand)
 s - a ring of see invisible (right hand)
 F - a cursed -2 ring of evasion {unknown}
Wands
 D - a wand of flame (26)
 G - a wand of disintegration (7)
 H - a wand of paralysis (2)
Scrolls
 k - 3 scrolls of enchant weapon
 o - 3 scrolls of amnesia
 q - 4 scrolls of teleportation
 v - 3 scrolls of remove curse
 x - a scroll of identify
 C - a scroll of magic mapping
Potions
 b - a potion of degeneration {unknown}
 e - a potion of haste {unknown}
 h - a potion of flight
 i - a potion of heal wounds
 j - 3 potions of brilliance
 m - 3 potions of ambrosia
 p - 2 potions of agility
 r - 2 potions of resistance
 u - 2 potions of lignification
 z - a potion of invisibility
 A - 3 potions of curing
 J - a potion of magic {unknown}
Comestibles
 f - 5 rations


   Skills:
 + Level 5.6(5.2) Fighting
 + Level 3.2(2.8) Short Blades
 + Level 3.2(2.8) Long Blades
 + Level 7.3(6.9) Axes
 + Level 3.2(2.8) Maces & Flails
 + Level 3.2(2.8) Polearms
 + Level 3.2(2.8) Staves
 + Level 3.2(2.8) Slings
 + Level 3.2(2.8) Bows
 + Level 3.2(2.8) Crossbows
 + Level 5.6(5.2) Throwing
 + Level 3.2(2.8) Armour
 + Level 7.3(6.9) Dodging
 + Level 3.2(2.8) Stealth
 + Level 3.2(2.8) Shields
 + Level 3.2(2.8) Unarmed Combat
 + Level 3.2(2.8) Spellcasting
 + Level 2.6(2.2) Conjurations
 + Level 2.6(2.2) Hexes
 + Level 2.6(2.2) Charms
 + Level 2.6(2.2) Summonings
 + Level 2.6(2.2) Necromancy
 + Level 2.6(2.2) Translocations
 + Level 2.6(2.2) Transmutations
 + Level 2.6(2.2) Fire Magic
 + Level 2.6(2.2) Ice Magic
 + Level 2.6(2.2) Air Magic
 + Level 2.6(2.2) Earth Magic
 + Level 2.6(2.2) Poison Magic
 + Level 3.5(3.1) Invocations
 + Level 3.2(2.8) Evocations


You had 13 spell levels left.
You didn't know any spells.

Dungeon Overview and Level Annotations

Branches:
Dungeon (6/15)
 Temple: D:4-7

Altars:
Ashenzari
Dithmenos
Hepliaklqana
Nemelex Xobeh
Qazlal
Ru
Sif Muna
Xom

Shops:
D:6 }


Innate Abilities, Weirdness & Mutations

Your experience applies equally to all skills.
You have very sharp teeth.
Your uncanny sense of smell can sniff out nearby items.


Message History

The earth elemental is lightly damaged.
The earth elemental hits you!!
You slash the earth elemental!
The earth elemental is lightly damaged.
The earth elemental hits you but does no damage.
You slash the earth elemental!
You bite the earth elemental, but do no damage.
The earth elemental is moderately damaged.
Press: ? - help, v - describe, . - travel
Here: an earth elemental (moderately damaged)
An open door.
You hit the earth elemental but do no damage.
You bite the earth elemental, but do no damage.
The earth elemental is moderately damaged.
The earth elemental misses you.
You slash the earth elemental!
The earth elemental is severely damaged.
The earth elemental hits you!!
Ouch! That really hurt!
You die...

. ## .# # ....#
#.#.##### ....#.##
. .# . .....#'###.
. . ........#..#
##..#.....#### #
#..........' ..#
#..##......#####.
# # ........@# #
##.. .
...........E......
..........##.#####
...#.###'#### . .
. . ... ###.. . ..
. .. .# #... .# .
# . ## .. # .. ..≈
. . . ..... ## .
###. ... ∆


You could see an earth elemental.

Vanquished Creatures
  A sky beast (D:5)
  An ogre (D:5)
  A centaur (D:5)
  A bullfrog (D:6)
  A scorpion (D:6)
  3 wights (D:6)
  A crimson imp (D:5)
  2 centaur zombies (Ossuary)
  A human zombie (Ossuary)
  An orc wizard (D:6)
  2 jellies
  4 worker ants
  3 ogre zombies (Ossuary)
  7 mummies (Ossuary)
  A worker ant zombie (D:3)
  A gnoll (D:1)
  9 adders
  A white imp (Abyss:1)
  An ufetubus (Abyss:1)
  An ooze (D:1)
  2 adder zombies
  An adder skeleton (D:4)
  A worm (D:2)
  2 dart slugs
  4 leopard geckos
  3 orcs
  4 ball pythons
  8 giant cockroaches
  4 goblins
  2 hobgoblins
  4 jackals (D:4)
  4 quokkas
  10 bats
  4 frilled lizards
  4 goblin zombies (Ossuary)
  3 hobgoblin zombies (Ossuary)
  7 kobolds
  3 kobold zombies (Ossuary)
  A quokka skeleton (D:5)
  8 quokka zombies (Ossuary)
  6 rats
  5 rat zombies (Ossuary)
133 creatures vanquished.

Notes
Turn   | Place    | Note
-------+----------+-------------------------------------------
     0 | D:1      | empire the Gnoll Gladiator began the quest for the Orb.
     0 | D:1      | Reached XP level 1. HP: 20/20 MP: 1/1
    56 | D:1      | Reached XP level 2. HP: 26/26 MP: 2/2
   306 | D:1      | Reached XP level 3. HP: 29/31 MP: 3/3
   478 | D:1      | Reached skill level 1 in Invocations
   787 | D:2      | Reached skill level 1 in Short Blades
   787 | D:2      | Reached skill level 1 in Long Blades
   787 | D:2      | Reached skill level 1 in Maces & Flails
   787 | D:2      | Reached skill level 1 in Polearms
   787 | D:2      | Reached skill level 1 in Staves
   787 | D:2      | Reached skill level 1 in Slings
   787 | D:2      | Reached skill level 1 in Bows
   787 | D:2      | Reached skill level 1 in Crossbows
   787 | D:2      | Reached skill level 1 in Armour
   787 | D:2      | Reached skill level 1 in Stealth
   787 | D:2      | Reached skill level 1 in Shields
   787 | D:2      | Reached skill level 1 in Unarmed Combat
   787 | D:2      | Reached skill level 1 in Spellcasting
   787 | D:2      | Reached skill level 1 in Evocations
   797 | D:2      | Reached XP level 4. HP: 36/38 MP: 5/5
   833 | D:2      | Found a shimmering altar of Xom.
   892 | D:2      | Reached skill level 1 in Conjurations
   892 | D:2      | Reached skill level 1 in Hexes
   892 | D:2      | Reached skill level 1 in Charms
   892 | D:2      | Reached skill level 1 in Summonings
   892 | D:2      | Reached skill level 1 in Necromancy
   892 | D:2      | Reached skill level 1 in Translocations
   892 | D:2      | Reached skill level 1 in Transmutations
   892 | D:2      | Reached skill level 1 in Fire Magic
   892 | D:2      | Reached skill level 1 in Ice Magic
   892 | D:2      | Reached skill level 1 in Air Magic
   892 | D:2      | Reached skill level 1 in Earth Magic
   892 | D:2      | Reached skill level 1 in Poison Magic
  1211 | D:3      | Reached XP level 5. HP: 42/43 MP: 6/6
  1494 | D:3      | Found a deep blue altar of Sif Muna.
  1669 | D:3      | Found a shadowy altar of Dithmenos.
  1760 | D:4      | Found a stormy altar of Qazlal.
  1762 | D:4      | Noticed a water elemental
  1763 | D:4      | Noticed a fire elemental
  1763 | D:4      | Noticed an air elemental
  1849 | D:4      | Found a shattered altar of Ashenzari.
  2314 | D:5      | Entered Level 5 of the Dungeon
  2356 | D:5      | Reached XP level 6. HP: 46/50 MP: 8/8
  2430 | D:5      | Found a shimmering altar of Xom.
  2543 | D:5      | Found a sacrificial altar of Ru.
  2579 | D:5      | HP: 1/50 [ogre/giant club (21)]
  2784 | D:5      | Found a hazy altar of Hepliaklqana.
  2921 | D:5      | Noticed a sky beast
  2930 | D:5      | Killed a sky beast
  2930 | D:5      | Reached skill level 5 in Fighting
  2930 | D:5      | Reached skill level 5 in Throwing
  3034 | D:5      | Reached XP level 7. HP: 56/56 MP: 10/10
  3283 | D:5      | Found a shattered altar of Ashenzari.
  3377 | D:6      | Found a sparkling altar of Nemelex Xobeh.
  3393 | D:6      | Found a sand-covered staircase.
  3398 | Ossuary  | Entered an ossuary
  3934 | Ossuary  | Reached XP level 8. HP: 49/63 MP: 12/12
  4366 | D:6      | Found Orockak's Gadget Shop.
  4372 | D:6      | Bought a wand of disintegration (7) for 143 gold pieces
  4372 | D:6      | Bought a wand of paralysis (2) for 52 gold pieces
  4417 | D:6      | Cast into level 1 of the Abyss (orc warrior)
  4556 | Abyss:1  | Mangled by an earth elemental

Skill      XL: |  1  2  3  4  5  6  7  8 |
---------------+-------------------------+-----
Invocations    | 1 2 3 |  3.5
Short Blades   | 1 2 3 |  3.2
Long Blades    | 1 2 3 |  3.2
Maces & Flails | 1 2 3 |  3.2
Polearms       | 1 2 3 |  3.2
Staves         | 1 2 3 |  3.2
Slings         | 1 2 3 |  3.2
Bows           | 1 2 3 |  3.2
Crossbows      | 1 2 3 |  3.2
Armour         | 1 2 3 |  3.2
Stealth        | 1 2 3 |  3.2
Shields        | 1 2 3 |  3.2
Unarmed Combat | 1 2 3 |  3.2
Spellcasting   | 1 2 3 |  3.2
Evocations     | 1 2 3 |  3.2
Conjurations   | 1 2 |  2.6
Hexes          | 1 2 |  2.6
Charms         | 1 2 |  2.6
Summonings     | 1 2 |  2.6
Necromancy     | 1 2 |  2.6
Translocations | 1 2 |  2.6
Transmutations | 1 2 |  2.6
Fire Magic     | 1 2 |  2.6
Ice Magic      | 1 2 |  2.6
Air Magic      | 1 2 |  2.6
Earth Magic    | 1 2 |  2.6
Poison Magic   | 1 2 |  2.6
Fighting       | 5 |  5.6
Throwing       | 5 |  5.6
Axes           | 7 |  7.3
Dodging        | 7 |  7.3

Action                   |  1- 3 |  4- 6 |  7- 9 || total
-------------------------+-------+-------+-------++-------
Melee: War axe           |    77 |   142 |   176 ||   395
       Bite              |     6 |    13 |    36 ||    55
       Punch             |       |     2 |     2 ||     4
       Long sword        |       |       |    11 ||    11
Throw: Tomahawk          |       |       |     5 ||     5
  Use: Scroll            |     4 |    12 |     6 ||    22
       Potion            |       |     1 |       ||     1
 Stab: Sleeping          |     1 |     5 |     9 ||    15
  Eat: Chunk             |       |     4 |       ||     4
       Ration            |       |     1 |     2 ||     3
Armor: Leather armour    |    17 |    35 |       ||    52
       Skin              |       |     6 |     6 ||    12
       Ring mail         |       |     3 |    40 ||    43
Dodge: Dodged            |    79 |   137 |   144 ||   360
       Rpst.: Long sword |       |       |     5 ||     5
